cohdb
Replays
Latest Replays
All Replays
Popular Replays
Top Player Replays
Match Explorer
How It Works
Community
CoH3 Stats
Reddit
Sign in to upload your games and track your stats! →
Sign in with Steam
Match 47117145
Unlisted
Match 47117145
Overview
Messages
Build Orders
End
Construct Barracks
Selects Advanced Infantry Battlegroup
Scout Squad
1⁄4-ton 4x4 Truck
Riflemen Squad
Riflemen Squad
Mechanized Support Center
Selects Artillery Observers
Construct Motor Pool
Riflemen Squad
M8 Greyhound Armored Car
Designate Forward Repair Station
M1918 Browning Automatic Rifles
Designate Forward Repair Station
†TugaElite†
BigGunBand
KirelCD
UMirinBrah?
Konrad Curze
FLOKL
0
0
Comments
sign in to comment!
No comments posted yet!